 Seeded DCSS version 0.29-a0-887-gcbe080d7e0 (webtiles) character file.

Game seed: 20220722 (custom seed)

27 flotson the Sneak (level 2, -1/24 HPs)
             Began as a Demonspawn Delver on July 22, 2022.
             Slain by an orc wizard
             ... wielding a +0 dagger
              (3 damage)
             ... on level 3 of the Dungeon.
             The game lasted 00:03:02 (511 turns).

flotson the Sneak (Demonspawn Delver)                Turns: 511, Time: 00:03:02

Health: -1/24      AC:  3    Str: 11 (12) XL:     2   Next: 93%
Magic:  2/2        EV: 11    Int:  9 (11) God:
Gold:   10         SH:  0    Dex: 13 (14) Spells: 1/1 levels left

rFire   . . .      SeeInvis .   h - +0 glaive
rCold   . . .      Faith    .   (shield currently unavailable)
rNeg    . . .      Spirit   .   b - +0 leather armour
rPois   .          Reflect  .   (no helmet)
rElec   .          Harm     .   (no cloak)
rCorr   .          Rampage  .   (no gloves)
Will    .....                   (no boots)
Stlth   +.........              (no amulet)
HPRegen 0.08/turn               (no ring)
MPRegen 0.08/turn               (no ring)

@: confused
A: claws 1
a: no special abilities


You were on level 3 of the Dungeon.
You visited 1 branch of the dungeon, and saw 3 of its levels.

You collected 10 gold pieces.

Inventory:

Hand Weapons
 a - a +0 spear
 h - a +0 glaive (weapon)
Missiles
 k - 13 stones (quivered)
Armour
 b - a +0 leather armour (worn)
Wands
 g - a wand of digging (3)
 i - a wand of roots (13)
Scrolls
 c - a scroll of fog
 e - a scroll of amnesia {unknown}
 f - a scroll of vulnerability {unknown}
 j - a scroll of immolation {unknown}
Potions
 d - a potion of magic


   Skills:
 + Level 3.2 Fighting
 + Level 0.6(1.3) Axes
 - Level 1.7(1.8) Polearms
 + Level 0.5 Throwing
 + Level 0.7 Armour
 + Level 2.1 Dodging
 - Level 4.5 Stealth
 + Level 0.9 Evocations


You had one spell level left.
You didn't know any spells.
Your spell library was empty.

Dungeon Overview and Level Annotations

Branches:
Dungeon (5/15)
 Temple: D:4-7

Altars:
Fedhas
Qazlal
Ru


Innate Abilities, Weirdness & Mutations

You have sharp fingernails.


Message History

Roots grab the adder.
The grasping roots constrict the adder.
Something hits you.
You miss something.
The grasping roots constrict the adder!
You kill the adder!
The rat twitches its whiskers.
Something hits you. x2
You barely miss something. Something hits you.
An orc comes into view.
It is wielding a +0 club and wearing a +1 leather armour of positive energy.
Something completely misses you.
An orc priest comes into view. It is wielding a +0 club.
The orc moves out of view.
Unknown command.
You miss something.
You hear some strange, mumbled words.
A puff of flame appears from out of thin air!
The puff of flame misses you.
Aiming: Fastroot
Press: ? - help, Shift-Dir - straight line, f - rat
Aim: a rat The roots erupt in riotous growth!
You hear some strange, mumbled words.
A puff of flame appears from out of thin air!
The puff of flame hits you.
You miss something.
Something hits you but does no damage. x2
You miss something. Something hits you. Something hits you but does no damage.
You barely miss something. Something hits you but does no damage.
You barely miss something.
You hear some strange, mumbled words.
You are confused.
Something hits you.
* * * LOW HITPOINT WARNING * * *
You bump into the rock wall.
Something hits you.
* * * LOW HITPOINT WARNING * * *
It was a potion of magic.
Magic courses through your body.
You hear some strange, mumbled words.
A puff of flame appears from out of thin air!
The puff of flame hits you.
* * * LOW HITPOINT WARNING * * *
You miss something. Something hits you.
You die...

#. #.. #. #. .. #.
####### ..#.
....... .#o
####### .l # #†
######### #
#o####.......# #
#lr{@........## #
#†###.^^....P.## #
#. #..#≈..PPPPP# #
#.
###_§§..._P.######
#.
#.§≈#.PPPPP#.....
#.
#.§.§......#.####
#. #####.####.#.#
#. #.....†#.#
######.#.#


You could see an orc, a frilled lizard and a rat.

Vanquished Creatures
  An adder (D:3)
  2 orcs (D:4)
  3 endoplasms
  4 hobgoblins
  A jackal (D:4)
  2 kobolds
  A frilled lizard (D:3)
14 creatures vanquished.

Notes
Turn   | Place    | Note
-------+----------+-------------------------------------------
     0 | D:5      | flotson the Demonspawn Delver began the quest for the Orb.
     0 | D:5      | Reached XP level 1. HP: 18/18 MP: 1/1
    16 | D:5      | Found a sacrificial altar of Ru.
   101 | D:4      | Gained mutation: You have sharp fingernails. [demonic
                  | ancestry]
   101 | D:4      | Reached XP level 2. HP: 4/24 MP: 2/2
   476 | D:3      | Found a blossoming altar of Fedhas.
   481 | D:3      | Found a stormy altar of Qazlal.
   511 | D:3      | Slain by an orc wizard

Illustrated notes

Levels and vault maps discovered:
D:3:      layout_basic, grunt_temple_overflow_forces_of_nature,
          kennysheep_generic_room_12
D:4:      layout_rooms, mainiacjoe_overflow_concentric_impassable,
          nicolae_eternal_life, minmay_misc_feat_doors
D:5:      layout_gridville, old_standard_altar, zin_academy, uniq_menkaure

Skill      XL: |  1  2 |
---------------+-------+-----
Dodging        | 2 |  2.1
Fighting       | |  3.2
Axes           | |  0.6
Polearms       | |  1.7
Throwing       | |  0.5
Armour         | |  0.7
Stealth        | |  4.5
Evocations     | |  0.9

Action                   || total
-------------------------++-------
Melee: Glaive            ||    37
Evoke: Wand              ||     2
  Use: Potion            ||     3
       Scroll            ||     2
 Stab: Sleeping          ||     4
Armor: Leather armour    ||     7
Dodge: Dodged            ||    13

Table legend: (Time is in decaauts)
 A = Elapsed time spent in this place.
 B = Non-inter-level travel time spent in this place.
 C = Inter-level travel time spent in this place.
 D = Time resting spent in this place.
 E = Time spent auto-exploring this place.
 F = Levels seen in this place.
 G = Mean time per level.
                   A        B        C        D        E       F      G
               +--------+--------+--------+--------+--------+-----+--------+
         Total |    513 |    513 |      0 |    220 |     43 |   3 |  171.0 |
       Dungeon |    513 |    513 |      0 |    220 |     43 |   3 |  171.0 |
               +--------+--------+--------+--------+--------+-----+--------+

Top non-repeatable levels by time:
     D:4: 353 daAuts
     D:3: 99 daAuts
     D:5: 61 daAuts
